AoeStats
← mathiusw.mane

MegaRandom

509241385Analyzed
4v4 RM · 7d ago on Sep 26, 2026· 48m 26s· 8 players
Game mode
Random Map
Map size
Large (8 player)
Population
200
Speed
Normal
Resources
Standard
Victory
Conquest
Starting age
Dark Age
Ending age
Imperial Age
RankedLock teamsTeams togetherTeam positionsShared explorationLock speedFull tech treeHidden civsTurbo modeCheats
Victory
Defeat
🇦🇺 Poles · Australia
962
+16
🇺🇸 Persians · United States
892
+18
🇨🇦 Persians · Canada
878
+19
🇨🇦 Teutons · Canada
820
+21
🇨🇱 Magyars · Chile
966
-19
🇪🇨 Ethiopians · Ecuador
959
-19
🇲🇽 Mongols · Mexico
930
-18
🇨🇱 Turks · Chile
925
-18
cristian.nure
0:30 Loom
13:05 Feudal Age
17:44 Castle Age
17:44 Fletching
17:46 Double-Bit Axe
26:10 Bodkin Arrow
26:20 Horse Collar
27:36 Town Watch
29:00 Town Patrol
29:39 Wheelbarrow
30:19 Ballistics
30:19 Padded Archer Armor
34:58 Imperial Age
34:02 Leather Archer Armor
35:53 Artillery
36:29 Bracer
36:53 Bombard Tower
45:44 Conscription
AztK_Xhelotl_ °_°
3:41 Loom
mathiusw.mane
2:34 Loom
11:29 Feudal Age
12:25 Double-Bit Axe
12:22 Horse Collar
14:33 Bloodlines
15:12 Wheelbarrow
14:24 Town Watch
18:35 Scale Barding Armor
23:14 Castle Age
24:01 Husbandry
24:34 Chain Barding Armor
26:01 Gold Mining
26:37 Bow Saw
26:28 Heavy Plow
27:34 Hand Cart
30:28 Man-at-Arms
31:24 Light Cavalry
WinyHornet8
12:23 Feudal Age
18:40 Castle Age
20:37 Double-Bit Axe
20:35 Horse Collar
20:49 Gold Mining
20:52 Stone Mining
22:56 Gold Shaft Mining
22:58 Stone Shaft Mining
26:09 Crossbowman
27:11 Bow Saw
27:04 Heavy Plow
28:20 Crossbowman
29:06 Thumb Ring
30:28 Fletching
30:39 Padded Archer Armor
32:04 Bodkin Arrow
32:25 Leather Archer Armor
34:08 Squires
36:47 Imperial Age
37:51 Capped Ram
39:04 Bracer
38:58 Loom
41:59 Arbalester
43:42 Forging
43:33 Scale Mail Armor
ExiledBLEEZY420
0:45 Loom
10:02 Feudal Age
11:16 Wheelbarrow
10:35 Double-Bit Axe
17:55 Stone Mining
20:48 Castle Age
19:28 Horse Collar
25:07 Hand Cart
26:17 Caravan
26:17 Gold Mining
28:40 Heavy Plow
28:58 Bow Saw
29:03 Pikeman
37:43 Gold Shaft Mining
40:29 Imperial Age
40:32 Forging
40:28 Scale Barding Armor
40:25 Scale Mail Armor
40:50 Elite War Elephant
41:51 Conscription
43:18 Kamandaran
44:47 Iron Casting
44:33 Chain Barding Armor
44:45 Bloodlines
44:36 Husbandry
43:58 Cavalier
44:03 Crossbowman
45:06 Gambesons
45:35 Thumb Ring
46:41 Padded Archer Armor
46:32 Fletching
46:58 Chain Mail Armor
47:43 Blast Furnace
47:19 Plate Barding Armor
47:21 Squires
Drolsorcen
12:31 Feudal Age
15:04 Double-Bit Axe
23:15 Castle Age
21:01 Loom
25:39 Gold Mining
25:42 Stone Mining
26:05 Bow Saw
27:19 Wheelbarrow
28:34 Kamandaran
30:01 Gold Shaft Mining
33:35 Scale Barding Armor
34:29 Hand Cart
34:35 Crossbowman
44:53 Imperial Age
42:48 Thumb Ring
44:42 Elite War Elephant
BurningChild
10:49 Feudal Age
12:00 Double-Bit Axe
19:42 Castle Age
21:31 Wheelbarrow
20:43 Loom
26:16 Hand Cart
26:40 Bloodlines
34:27 Imperial Age
34:09 Forging
34:05 Scale Barding Armor
34:25 Ballistics
34:19 Bow Saw
34:49 Cavalier
35:35 Gold Mining
35:40 Stone Mining
37:01 Paladin
39:15 Iron Casting
39:01 Chain Barding Armor
41:52 Blast Furnace
42:09 Pikeman
42:50 Squires
42:35 Arson
KingJo
6:27 Loom
10:02 Feudal Age
10:37 Double-Bit Axe
12:43 Horse Collar
20:41 Castle Age
20:57 Bloodlines
20:57 Scale Barding Armor
24:10 Forging
23:28 Light Cavalry
27:20 Iron Casting
29:11 Stone Mining
29:36 Bow Saw
34:44 Gold Mining
37:59 Wheelbarrow
40:45 Imperial Age
38:21 Town Watch
39:02 Chain Barding Armor
41:13 Szlachta Privileges
46:37 Imperial Age
47:04 Hand Cart
46:39 Cavalier
Connection lost

Rejoining the realm…

Still unreachable

The connection could not be restored.

Session expired

The server has moved on; the page needs a fresh start.